 Dungeon Crawl Stone Soup version 0.29-a0-520-gc852659d43 (webtiles) character file.

Game seed: 17523664322399197129

132837 Sobieck the Devastator (level 16, -30/116 HPs)
             Began as a Demigod Conjurer on May 31, 2022.
             Blown up by a spellforged servitor (96 damage)
             ... with an orb of destruction
             ... summoned by the player character
             ... on level 15 of the Dungeon.
             The game lasted 02:24:34 (30560 turns).

Sobieck the Devastator (Demigod Conjurer)          Turns: 30560, Time: 02:24:35

Health: -30/116    AC: 15    Str: 11 (12) XL:     16   Next: 10%
Magic:  10/39      EV: 14    Int: 36      God:
Gold:   135        SH:  8    Dex: 12      Spells: 8/42 levels left

rFire   . . .      SeeInvis +   a - staff of conjuration {!a@e2staff}
rCold   + . .      Faith    .   w - +3 buckler
rNeg    . . .      Spirit   .   g - +2 robe {Archmagi}
rPois   .          Reflect  .   o - +2 helmet
rElec   .          Harm     .   C - +2 cloak
rCorr   .          Rampage  .   j - +1 pair of gloves of a Labyrinth {rC+ SInv}
Will    +....      Archmagi +   p - +2 pair of boots {Fly}
Stlth   ++........              i - amulet of magic regeneration {@e2}
HPRegen 0.29/turn               Q - ring of wizardry
MPRegen 0.66/turn               q - ring of wizardry

@: flying
A: high MP 1, forlorn, divine attributes, deterioration 1
a: no special abilities


You were on level 15 of the Dungeon.
You visited 4 branches of the dungeon, and saw 24 of its levels.
You also visited: Bailey and Volcano.

You collected 3249 gold pieces.
You spent 3114 gold pieces at shops.


Innate Abilities, Weirdness & Mutations

You have an increased reservoir of magic. (+10% MP)
You shall have no god before yourself.
Your divine heritage dramatically boosts your attributes as you level up.
Your body sometimes deteriorates upon taking damage.


   Skills:
 - Level 4.0 Fighting
 - Level 4.0 Polearms
 - Level 7.0 Dodging
 - Level 1.7 Stealth
 + Level 4.7 Shields
 + Level 13.6 Spellcasting
 - Level 16.1 Conjurations
 - Level 5.0 Hexes
 - Level 8.0 Summonings
 - Level 5.0 Translocations
 - Level 5.0 Transmutations
 + Level 7.9 Fire Magic
 - Level 6.0 Poison Magic


You had 8 spell levels left.
You knew the following spells:

 Your Spells              Type           Power      Damage    Failure   Level
a - Iskenderun's Mystic   Conj/Tloc      100%       2d19      1%          4
b - Spellforged Servitor  Conj/Summ      64%        N/A       3%          7
c - Fulminant Prism       Conj/Hex       61%        3d27      1%          4
d - Olgreb's Toxic Radia  Pois           80%        N/A       1%          4
e - Ignite Poison         Fire/Tmut/Pois 81%        N/A       1%          3
f - Irradiate             Conj/Tmut      61%        3d33      1%          5
g - Orb of Destruction    Conj           71%        9d16      1%          7

Your spell library contained the following spells:

 Spells                   Type           Power      Damage    Failure   Level
 Foxfire                  Conj/Fire      100%       2x1d9     0%          1
 Magic Dart               Conj           100%       1d8       0%          1
 Searing Ray              Conj           100%       2d8       0%          2
 Apportation              Tloc           100%       N/A       1%          1
 Necrotize                Necr           100%       1d9       1%          1
 Sting                    Tmut/Pois      100%       1d8       1%          1
 Summon Small Mammal      Summ           100%       N/A       1%          1
 Call Imp                 Summ           89%        N/A       1%          2
 Passwall                 Tmut/Erth      49%        N/A       1%          2
 Poisonous Vapours        Pois/Air       100%       N/A       1%          2
 Conjure Flame            Conj/Fire      100%       6-21      1%          3
 Dazzling Flash           Conj/Hex       100%       N/A       1%          3
 Gell's Gravitas          Tloc           74%        N/A       1%          3
 Inner Flame              Hex/Fire       82%        N/A       1%          3
 Lesser Beckoning         Tloc           74%        N/A       1%          3
 Mephitic Cloud           Conj/Pois/Air  100%       N/A       1%          3
 Portal Projectile        Hex/Tloc       100%       N/A       1%          3
 Spider Form              Tmut/Pois      77%        N/A       1%          3
 Summon Guardian Golem    Hex/Summ       82%        N/A       1%          3
 Teleport Other           Tloc           74%        N/A       1%          3
 Tukima's Dance           Hex            74%        N/A       1%          3
 Flame Wave               Conj/Fire      100%       2d17      1%          4
 Sticky Flame             Conj/Fire      100%       2d11      1%          4
 Alistair's Intoxication  Tmut/Pois      51%        N/A       1%          5
 Fireball                 Conj/Fire      64%        3d24      1%          5
 Freezing Cloud           Conj/Ice/Air   48%        6-21      1%          5
 Ice Form                 Ice/Tmut       59%        N/A       2%          4
 Blade Hands              Tmut           37%        N/A       2%          5
 Eringya's Noxious Bog    Tmut/Pois      38%        N/A       9%          6
 Ozocubu's Refrigeration  Ice            18%        4d8       98%         7
 Fire Storm               Conj/Fire      64%        8d16      96%         9

Inventory:

Hand Weapons
 b - the +6 hunting sling of Qife {vorpal, rN+ rCorr Str+3, sling}
   (You took it off an orc in a bailey)

   Any ammunition fired from it inflicts extra damage upon your enemies.
   Str:       It affects your strength (+3).
   rN:        It protects you from negative energy.
   rCorr:     It protects you from acid and corrosion.
 X - a +2 demon trident of electrocution {polearm}
   (You acquired it on level 1 of the Dungeon)
Missiles
 e - 799 stones {throwing}
 k - 19 boomerangs {throwing}
 n - 38 poisoned darts {throwing}
 P - 2 throwing nets {=f!fthrowing}
 U - 11 javelins {throwing}
Armour
 g - a +2 robe of the Archmagi (worn)
   (You took it off Jorgrun on level 2 of the Orcish Mines)
 j - the +1 pair of gloves of a Labyrinth (worn) {rC+ SInv}
   (You bought it in a shop on level 3 of the Dungeon)

   rC:        It protects you from cold.
   SInv:      It lets you see invisible.
 o - a +2 helmet (worn)
   (You found it on level 2 of the Dungeon)
 p - a +2 pair of boots of flying (worn)
   (You bought it in a shop on level 3 of the Dungeon)
 w - a +3 buckler (worn)
   (You bought it in a shop on level 2 of the Orcish Mines)
 C - a +2 cloak (worn)
   (You bought it in a shop on level 3 of the Dungeon)
 H - an orb of energy
   (You found it on level 14 of the Dungeon)
Magical Staves
 a - a staff of conjuration (weapon) {!a@e2staff}
   (You acquired it on level 2 of the Orcish Mines)
Jewellery
 c - a +4 ring of evasion
   (You found it on level 1 of the Dungeon)
 i - an amulet of magic regeneration (around neck) {@e2}
   (You found it on level 1 of the Dungeon)
 q - a ring of wizardry (right hand)
   (You found it on level 13 of the Dungeon)
 v - a +6 ring of dexterity
   (You took it off an orc wizard on level 10 of the Dungeon)
 N - a ring of fire
   (You found it on level 3 of the Lair of Beasts)
 Q - a ring of wizardry (left hand)
   (You took it off a deep elf knight on level 11 of the Dungeon)
 T - an amulet of reflection
   (You found it on level 3 of the Lair of Beasts)
 W - a ring of fire
   (You found it on level 14 of the Dungeon)
Wands
 d - a wand of digging (5)
   (You found it on level 6 of the Lair of Beasts)
 r - a wand of charming (14)
   (You found it on level 6 of the Dungeon)
 t - a wand of paralysis (6)
   (You found it on level 1 of the Lair of Beasts)
 u - a wand of flame (60)
   (You took it off Robin on level 1 of the Dungeon)
 D - a wand of polymorph (20)
   (You found it on level 3 of the Dungeon)
 M - a wand of iceblast (18)
   (You found it on level 8 of the Dungeon)
Scrolls
 y - a scroll of fear
 A - 3 scrolls of magic mapping {!r}
 E - 5 scrolls of identify {@r1}
 G - a scroll of vulnerability {!r!r}
 K - 4 scrolls of blinking {!r}
 R - 4 scrolls of amnesia
 S - 11 scrolls of teleportation {@r4}
 V - 2 scrolls of fog
 Y - 3 scrolls of enchant armour
 Z - 2 scrolls of poison {!r}
Potions
 f - 2 potions of magic
 h - 5 potions of brilliance
 l - 2 potions of resistance
 m - 5 potions of lignification {!q}
 s - 7 potions of attraction {!q}
 x - 2 potions of mutation {!q}
 z - 3 potions of cancellation
 B - 4 potions of haste {@q3}
 F - 5 potions of might
 J - 13 potions of curing {@q1}
 L - 4 potions of heal wounds {@q2}
 O - 3 potions of ambrosia
Miscellaneous
 I - a phial of floods
   (You found it on level 2 of the Lair of Beasts)

Dungeon Overview and Level Annotations

Branches:
Dungeon (15/15)            Temple (0/1) D:5            Lair (6/6) D:11
  Swamp (0/4) Lair:3       Spider (0/4) Lair:3        Slime (1/5) Lair:5
    Orc (2/2) D:12            Elf (0/3) Orc:2        Vaults (0/5) D:13
 Bailey (visited)         Volcano (visited)
 Depths: D:15

Shops:
D:3 [   D:12 (*=   Orc:2 (=?[*((

Portals:
Abyss: Lair:6

Annotations:
D:4 2 transporters, Dowan; Duvessa; pigah's ghost, amateur OpAE
D:9 exclusion: ice statue

# ### ##..)............ #
.##.9○°.....##### #
...uu.'..°..○...# #
#....##..(○.○...# ##
##..##....○..○..# .#
####.....○..○..# ##
#..........○○..# #
#..........○...# ##
##.......@☼○....## .###
###...................
...###........<............
.............##########...#
.............# ...#
.....#######.# ..# .....#
#.# .# .....# #.# ####.#
#.#


You could see a friendly spellforged servitor (summoned).


Message History

Confirm with . or Enter, or press ? or * to list all spells.
Aiming: Orb of Destruction (dangerous; 1% risk of failure)
Press: ? - help, Shift-Dir - straight line, f - water elemental
Aim: a water elemental You feel a strong surge of power!
The orb of destruction hits the water elemental!!!
You blow up the water elemental!
Unknown command.
You start resting.
Unknown command.
You swap places.
Your spellforged servitor disappears in a puff of smoke!
Unknown command.
You reach down and open the door.
A brown ugly thing and a rakshasa come into view.
Danger!
Unknown command.
You feel a strong surge of power!
You miscast Spellforged Servitor.
You are very lightly contaminated with residual magic.
Nothing appears to happen.
You block the rakshasa's attack.
Unknown command.
Unknown command.
You feel a strong surge of power!
You summon a servant imbued with your destructive magic!
The brown ugly thing gurgles horribly!
A brown very ugly thing comes into view.
The rakshasa hits you from afar with a +0 trident!
Unknown command.
Unknown command.
The rakshasa gestures at you. The lance of force misses you.
Unknown command.
Casting: Spellforged Servitor (dangerous; 3% risk of failure)
Confirm with . or Enter, or press ? or * to list all spells.
Aiming: Orb of Destruction (dangerous; 1% risk of failure)
Press: ? - help, Shift-Dir - straight line, f - rakshasa
Aim: a rakshasa, wielding a +0 trident and wearing a +0 robe (ally target)
You feel a strong surge of power!
You hear a horrible gurgling sound!
Your spellforged servitor launches a ball of destructive magic.
The rakshasa gestures at you. The lance of force hits you!!
Your body deteriorates!
You feel weakened.
You are knocked back by the lance of force.
You slam into the rock wall!
The orb fizzles.
Unknown command.
Casting: Orb of Destruction (dangerous; 1% risk of failure)
Confirm with . or Enter, or press ? or * to list all spells.
Aiming: Orb of Destruction (dangerous; 1% risk of failure)
Press: ? - help, Shift-Dir - straight line, f/p - rakshasa
Aim: a rakshasa, wielding a +0 trident and wearing a +0 robe (ally target)
You feel a strong surge of power!
Your spellforged servitor conjures a glowing orb.
The wavering orb of destruction weakly hits the rakshasa!!
You hear a horrible gurgling sound!
Unknown command.
The orb of destruction hits the rakshasa!!!!
You blow up the rakshasa!
Your magical contamination has completely faded away.
Unknown command.
Your spellforged servitor conjures a glowing orb.
The wavering orb of destruction weakly hits the brown very ugly thing!!
Casting: Orb of Destruction (dangerous; 1% risk of failure)
Confirm with . or Enter, or press ? or * to list all spells.
Aiming: Orb of Destruction (dangerous; 1% risk of failure)
Press: ? - help, Shift-Dir - straight line, f - brown very ugly thing
Aim: a brown very ugly thing (moderately wounded, ally target)
You feel a strong surge of power!
Your spellforged servitor conjures an orb of pure magic.
The wavering orb of destruction weakly hits the brown ugly thing!!
A brown ugly thing comes into view.
The orb of destruction hits the brown very ugly thing!!!!
You blow up the brown very ugly thing!
Your spellforged servitor conjures an orb of pure magic.
The wavering orb of destruction weakly hits the brown ugly thing!!
Casting: Orb of Destruction (dangerous; 1% risk of failure)
Confirm with . or Enter, or press ? or * to list all spells.
Aiming: Orb of Destruction (dangerous; 1% risk of failure)
Press: ? - help, Shift-Dir - straight line, f - brown ugly thing
Aim: a brown ugly thing (moderately wounded)
You feel a strong surge of power!
The wavering orb of destruction hits the brown ugly thing!!!
Your spellforged servitor conjures an orb of pure magic.
You block the brown ugly thing's attack.
The orb of destruction hits the brown ugly thing!!!
The brown ugly thing is blown up!
Your spellforged servitor launches a ball of destructive magic.
You block the brown ugly thing's attack.
The brown ugly thing attacks as you move away!
The brown ugly thing claws you.
You are splashed with acid!
Your spellforged servitor conjures a glowing orb.
The brown ugly thing attacks as you move away!
The brown ugly thing claws you but does no damage.
The orb of destruction hits the brown ugly thing!!!!
The brown ugly thing is blown up!
The orb of destruction hits you!!!!
Ouch! That really hurt!
You die...

Skill      XL: |  1  2  3  4  5  6  7  8  9 10 11 12 13 14 15 |
---------------+----------------------------------------------+-----
Spellcasting   | 2 3 4 5 6 7 9 11 12 13 | 13.6
Conjurations   | 4 5 6 8 9 11 12 14 15 16 | 16.1
Polearms       | 1 2 3 4 |  4.0
Hexes          | 1 2 3 4 5 |  5.0
Translocations | 1 3 4 5 |  5.0
Dodging        | 2 4 5 7 |  7.0
Fighting       | 3 4 |  4.0
Poison Magic   | 4 6 |  6.0
Fire Magic     | 2 4 7 |  7.9
Transmutations | 5 |  5.0
Summonings     | 7 8 |  8.0
Shields        | 4 |  4.7
Stealth        | |  1.7

Action                   |  1- 3 |  4- 6 |  7- 9 | 10-12 | 13-15 | 16-18 || total
-------------------------+-------+-------+-------+-------+-------+-------++-------
Melee: Demon trident     |    24 |    77 |   124 |    26 |    11 |       ||   262
 Fire: Hunting sling     |    34 |       |       |    60 |    10 |       ||   104
 Cast: Magic Dart        |    12 |       |       |       |       |       ||    12
       Searing Ray       |     9 |    13 |    28 |    14 |       |       ||    64
       Fulminant Prism   |       |       |    52 |   104 |    29 |       ||   185
       Iskenderun's Myst |       |       |     2 |    34 |    13 |       ||    49
       Ignite Poison     |       |       |       |    60 |   137 |       ||   197
       Olgreb's Toxic Ra |       |       |       |    66 |   142 |       ||   208
       Irradiate         |       |       |       |    12 |    73 |       ||    85
       Orb of Destructio |       |       |       |       |    75 |    11 ||    86
       Spellforged Servi |       |       |       |       |    48 |     4 ||    52
  Use: Scroll            |     4 |     4 |     8 |    17 |     9 |       ||    42
       Potion            |     2 |       |     3 |     1 |     1 |       ||     7
 Stab: Sleeping          |       |     8 |     7 |       |       |       ||    15
       Distracted        |       |       |     1 |       |       |       ||     1
Armor: Robe              |     9 |    13 |    25 |       |    18 |     1 ||    66
       Skin              |     6 |       |       |       |       |       ||     6
       Leather armour    |       |       |       |    31 |    53 |       ||    84
Dodge: Dodged            |    50 |    50 |   102 |   127 |   154 |     1 ||   484
Block: Buckler           |       |       |       |       |     9 |     3 ||    12

Levels and vault maps discovered:
D:1:      minmay_arrival_cross, layout_basic, ebering_ecumenical_altar_hall,
          supply_closet_lemuel, minmay_misc_feat_plants
D:2:      layout_loops_ring, wander_ebering_terrifying_dragon_lair, uniq_robin,
          uniq_jessica
D:3:      layout_loops_corners, amcnicky_altar_gilded, serial_shops,
          nicolae_shop_temple_entry_statues_fountains,
          chequers_decorated_corner, uniq_ijyb, uniq_grinder, uniq_terence
D:4:      layout_loops_corners, nicolae_overflow_quartered_altars,
          gammafunk_ghost_arena, guppyfry_early_lair_pool, uniq_duvessa
D:5:      layout_rooms, minmay_temple_entry_fiery, chequers_mini_garden,
          uniq_blork_the_orc
D:6:      layout_basic, overflow_temple_1_default,
          mainiacjoe_overflow_surrounded_room, nemelex_diamond_rough_becter,
          cheibrodos_sewer_entry_bend, minivault_10
D:7:      layout_basic
D:8:      layout_gridville, enter_bailey_2, uniq_pikel
D:9:      minmay_twisted_water, layout_irregular_city, bloody_trog,
          small_chamber_with_monster, st_stairs_6, uniq_amaemon
D:10:     layout_loops_corners, mainiacjoe_overflow_alcove_2,
          overflow_temple_1_default, zin_treasury, corexii_hall_statues_l
D:11:     minmay_glassy_protrusions, layout_loops_ring, lair_entry_dummy,
          nrook_mini_backslash
D:12:     layout_loops_ring, orc_0_dummy, serial_shops, nicolae_shop_waterfront,
          nicolae_lakefront_shop, nicolae_square_shop
D:13:     layout_rooms, grunt_vaults_entry_fortified, hangedman_glass_teeth
D:14:     layout_cave_pools, serial_undead, serial_undead_c, serial_undead_f,
          serial_undead_d, serial_undead_d, serial_undead_e, serial_undead_d,
          nicolae_elevator_lobby_asterisk
D:15:     gammafunk_enter_depths_forms, layout_irregular_city,
          grunt_qazlal_clouds, hangedman_decor_diamond_cutter,
          nicolae_underground_beach
Lair:1:   layout_chaotic_city, nicolae_volcano_entry_hallway
Lair:2:   layout_loops_ring
Lair:3:   layout_cave_pods, nicolae_swamp_entry_splash_gauntlet,
          spider_nest_entry_webs
Lair:4:   layout_roguey, chequers_serial_rivers_small_b, st_stairs_8,
          dreamdust_deal_with_the_devil, chequers_serial_rivers_room_b
Lair:5:   layout_roguey, minmay_slime_entry_oklob_enclosed,
          beast_lair_carwin_10, uniq_snorg
Lair:6:   hellmonk_lair_end_abyssal_woods, layout_gridlike,
          kennysheep_abandoned_house
Slime:1:  layout_caves
Orc:1:    layout_caves, hellmonk_bongcloud_opening, minmay_orc_temple_c
Orc:2:    st_orc_open, layout_caves, special_room, serial_shops, shop,
          nicolae_shop_stone, nicolae_square_shop, minmay_orc_barracks,
          uniq_azrael, uniq_jorgrun, uniq_saint_roka

Notes
Turn   | Place    | Note
-------+----------+-------------------------------------------
     0 | D:1      | Sobieck the Demigod Conjurer began the quest for the Orb.
     0 | D:1      | Reached XP level 1. HP: 14/14 MP: 5/5
     8 | D:1      | You add the spells Sting, Poisonous Vapours and Olgreb's
                  | Toxic Radiance to your library.
   228 | D:1      | Reached skill level 2 in Spellcasting
   406 | D:1      | Reached XP level 2. HP: 14/20 MP: 1/7
   409 | D:1      | Learned a level 2 spell: Searing Ray
   954 | D:1      | Reached skill level 4 in Conjurations
  1091 | D:1      | Identified a scroll of acquirement
  1091 | D:1      | Acquired a +0 demon trident of electrocution
  1119 | D:2      | Noticed Jessica
  1122 | D:2      | Killed Jessica
  1123 | D:2      | Reached XP level 3. HP: 19/26 MP: 4/9
  1253 | D:2      | Noticed Robin
  1272 | D:1      | Reached skill level 1 in Polearms
  1401 | D:1      | HP: 5/26 [Robin/puff of flame (9)]
  1407 | D:1      | HP: 7/39 [goblin/+0 dagger[Robin] (2)]
  1410 | D:1      | Killed Robin
  2019 | D:2      | Reached XP level 4. HP: 33/33 MP: 6/10
  2038 | D:2      | Learned a level 4 spell: Fulminant Prism
  2282 | D:2      | You pick up a book of Conjurations {@e2} and begin
                  | reading...
  2393 | D:3      | Noticed Ijyb
  2418 | D:3      | Killed Ijyb
  2505 | D:3      | Reached skill level 3 in Spellcasting
  2542 | D:3      | You pick up a book of Party Tricks and begin reading...
  2542 | D:3      | You add the spells Apportation and Alistair's Intoxication
                  | to your library.
  2559 | D:3      | Reached skill level 1 in Hexes
  2587 | D:3      | Found Vegys's Antique Armour Shop.
  2599 | D:3      | Identified the +4 ring mail "Fuastoox" {rF- rN++ Int+4}
  2715 | D:3      | Noticed Terence
  2716 | D:3      | Killed Terence
  2717 | D:3      | Reached skill level 2 in Polearms
  2717 | D:3      | Reached XP level 5. HP: 38/38 MP: 12/12
  3047 | D:3      | Noticed Grinder
  3086 | D:3      | Killed Grinder
  3087 | D:3      | Reached skill level 5 in Conjurations
  3087 | D:3      | Reached skill level 2 in Hexes
  3087 | D:3      | Reached XP level 6. HP: 33/45 MP: 6/14
  3399 | D:3      | You pick up a book of Cantrips and begin reading...
  3399 | D:3      | You add the spells Necrotize and Summon Small Mammal to
                  | your library.
  3552 | D:4      | Noticed Dowan
  3553 | D:4      | Noticed Duvessa
  4070 | D:4      | Found a transporter.
  4072 | D:4      | Noticed pigah's ghost (amateur OpAE)
  4331 | D:4      | Found a transporter.
  4346 | D:4      | Noticed a wyvern
  4510 | D:5      | Entered Level 5 of the Dungeon
  4553 | D:5      | Reached skill level 3 in Polearms
  4675 | D:5      | Reached XP level 7. HP: 50/50 MP: 14/16
  4750 | D:5      | You pick up a book of Displacement and begin reading...
  4750 | D:5      | You add the spells Lesser Beckoning, Gell's Gravitas and
                  | Teleport Other to your library.
  4824 | D:5      | Reached skill level 4 in Spellcasting
  4953 | D:5      | Noticed Blork the orc
  4963 | D:5      | Killed Blork the orc
  4964 | D:5      | Reached skill level 3 in Hexes
  5170 | D:5      | Learned a level 4 spell: Iskenderun's Mystic Blast
  5173 | D:5      | Found a staircase to the Ecumenical Temple.
  5433 | D:6      | Reached skill level 4 in Polearms
  5433 | D:6      | Reached skill level 6 in Conjurations
  5433 | D:6      | Reached skill level 1 in Translocations
  5731 | D:6      | Reached XP level 8. HP: 57/57 MP: 18/18
  5860 | D:6      | Identified the +3 morningstar "Cytennek" {vorpal, rC+ rCorr
                  | Int-2 Dex+6}
  6040 | D:6      | Reached skill level 4 in Hexes
  6040 | D:6      | Reached skill level 2 in Translocations
  6167 | D:6      | Reached skill level 5 in Spellcasting
  6167 | D:6      | Reached skill level 7 in Conjurations
  6392 | D:6      | Noticed a two-headed ogre
  6400 | D:6      | HP: 3/57 [two-headed ogre/+0 giant spiked club (33)]
  6404 | D:6      | Killed a two-headed ogre
  6405 | D:6      | Reached skill level 8 in Conjurations
  6405 | D:6      | Reached skill level 3 in Translocations
  6405 | D:6      | Reached skill level 2 in Dodging
  6405 | D:6      | Reached XP level 9. HP: 43/63 MP: 13/20
  6715 | D:3      | Bought a pair of jewelled gloves for 237 gold pieces
  6715 | D:3      | Identified the +1 pair of gloves of a Labyrinth {rC+ SInv}
                  | (You bought it in a shop on level 3 of the Dungeon)
  6855 | D:7      | Reached skill level 1 in Fighting
  7719 | D:8      | Reached skill level 2 in Fighting
  7841 | D:8      | Found a flagged portal.
  7875 | Bailey   | Entered a bailey
  7897 | Bailey   | Reached skill level 3 in Dodging
  8172 | Bailey   | Reached skill level 4 in Translocations
  8216 | Bailey   | Reached skill level 5 in Hexes
  8637 | Bailey   | Noticed an orc high priest
  8639 | Bailey   | Noticed a hellwing
  8643 | Bailey   | Noticed an ice devil
  8685 | Bailey   | Identified the +6 hunting sling of Qife {vorpal, rN+ rCorr
                  | Str+3}
  8691 | Bailey   | Identified the +2 leather armour of Qamag {rN+ Will+ Int+3
                  | Slay-3}
  8691 | Bailey   | Noticed an orc sorcerer
  8697 | Bailey   | Killed an orc sorcerer
  8698 | Bailey   | Reached skill level 3 in Fighting
  8708 | Bailey   | Noticed a soul eater
  8712 | Bailey   | Noticed a hellwing
  8750 | Bailey   | Killed an orc high priest
  8751 | Bailey   | Reached skill level 4 in Dodging
  8751 | Bailey   | Reached skill level 6 in Spellcasting
  8751 | Bailey   | Reached XP level 10. HP: 34/77 MP: 6/22
  9334 | Bailey   | Acquired a book of Dangerous Friends
  9335 | Bailey   | You pick up a book of Dangerous Friends and begin
                  | reading...
  9335 | Bailey   | You add the spells Summon Guardian Golem, Orb of
                  | Destruction and Spellforged Servitor to your library.
  9440 | D:3      | Bought a cloak for 112 gold pieces
 10002 | D:8      | Noticed Pikel
 10044 | D:8      | Killed Pikel
 10045 | D:8      | Reached skill level 9 in Conjurations
 10045 | D:8      | Reached skill level 5 in Translocations
 10073 | D:8      | You add the spells Ignite Poison, Mephitic Cloud and
                  | Freezing Cloud to your library.
 10188 | D:8      | Reached skill level 4 in Fighting
 10214 | D:8      | Learned a level 4 spell: Olgreb's Toxic Radiance
 10256 | D:8      | Reached skill level 1 in Poison Magic
 10747 | D:9      | Noticed Amaemon
 10756 | D:9      | Reached skill level 2 in Poison Magic
 10925 | D:9      | Reached skill level 3 in Poison Magic
 10950 | D:9      | Learned a level 3 spell: Ignite Poison
 10964 | D:9      | Killed Amaemon
 10965 | D:9      | Reached skill level 4 in Poison Magic
 10979 | D:9      | Reached skill level 1 in Fire Magic
 11244 | D:3      | Bought a pair of glowing boots for 187 gold pieces
 11396 | D:9      | Reached skill level 2 in Fire Magic
 11400 | D:9      | Noticed a white ugly thing
 11448 | D:9      | Killed a white ugly thing
 11516 | D:9      | Reached XP level 11. HP: 84/84 MP: 15/24
 11553 | D:9      | Reached skill level 5 in Poison Magic
 11554 | D:9      | Reached skill level 1 in Transmutations
 11554 | D:9      | Reached skill level 3 in Fire Magic
 11926 | D:9      | Reached skill level 2 in Transmutations
 12568 | D:9      | Reached skill level 4 in Fire Magic
 12586 | D:9      | You pick up a book of Flames and begin reading...
 12586 | D:9      | You add the spells Foxfire, Conjure Flame, Inner Flame and
                  | Flame Wave to your library.
 12786 | D:10     | Entered Level 10 of the Dungeon
 12789 | D:10     | Reached skill level 3 in Transmutations
 12792 | D:10     | Reached skill level 6 in Poison Magic
 12797 | D:10     | Acquired the Compendium of Snow and Transmigration
 12800 | D:10     | You add the spells Passwall, Spider Form, Ice Form,
                  | Irradiate, Eringya's Noxious Bog and Ozocubu's
                  | Refrigeration to your library.
 12809 | D:10     | Learned a level 5 spell: Irradiate
 13392 | D:10     | Reached skill level 5 in Dodging
 13728 | D:10     | Reached skill level 4 in Transmutations
 13990 | D:11     | Noticed a centaur warrior
 13998 | D:11     | Killed a centaur warrior
 14144 | D:11     | Reached skill level 7 in Spellcasting
 14145 | D:11     | Noticed a boulder beetle
 14149 | D:11     | Killed a boulder beetle
 14150 | D:11     | Reached skill level 10 in Conjurations
 14150 | D:11     | Reached skill level 5 in Transmutations
 14159 | D:11     | Noticed a deep elf knight
 14543 | D:11     | Found a staircase to the Lair.
 14552 | D:11     | Noticed a two-headed ogre
 14558 | D:11     | Killed a two-headed ogre
 14580 | Lair:1   | Entered Level 1 of the Lair of Beasts
 14642 | Lair:1   | Reached skill level 11 in Conjurations
 14646 | Lair:1   | Reached XP level 12. HP: 91/91 MP: 6/26
 14795 | Lair:1   | Found a dark tunnel.
 14808 | Volcano  | Entered a volcano
 15010 | Volcano  | Noticed a two-headed ogre
 15011 | Volcano  | Noticed a two-headed ogre
 15012 | Volcano  | Noticed a two-headed ogre
 15015 | Volcano  | Killed a two-headed ogre
 15030 | Volcano  | Killed a two-headed ogre
 15295 | Volcano  | Killed a two-headed ogre
 15296 | Volcano  | Reached skill level 6 in Dodging
 15393 | Volcano  | Noticed an ogre mage
 15402 | Volcano  | Killed an ogre mage
 15421 | Volcano  | Gained mutation: Your body sometimes deteriorates upon
                  | taking damage. [a neqoxec]
 15573 | Lair:1   | Reached skill level 8 in Spellcasting
 16024 | Lair:1   | Reached skill level 7 in Dodging
 16158 | Lair:1   | You pick up a book of Minor Magic and begin reading...
 16388 | Lair:2   | Noticed a five-headed hydra
 16397 | Lair:2   | Killed a five-headed hydra
 16398 | Lair:2   | Reached skill level 12 in Conjurations
 16593 | Lair:2   | Noticed a seven-headed hydra
 16641 | Lair:2   | Killed a seven-headed hydra
 17351 | Lair:3   | Reached skill level 9 in Spellcasting
 17371 | Lair:3   | Learned a level 7 spell: Orb of Destruction
 17584 | Lair:3   | Found a hole to the Spider Nest.
 17599 | Lair:3   | Reached XP level 13. HP: 96/96 MP: 24/30
 18448 | Lair:3   | Reached skill level 13 in Conjurations
 18504 | Lair:3   | Found a staircase to the Swamp.
 18662 | Lair:4   | Reached skill level 10 in Spellcasting
 19903 | Lair:5   | Reached skill level 14 in Conjurations
 20145 | Lair:5   | Reached skill level 11 in Spellcasting
 20175 | Lair:5   | Noticed Snorg
 20181 | Lair:5   | Killed Snorg
 20599 | Lair:5   | Found a staircase to the Slime Pits.
 20730 | Lair:5   | Reached XP level 14. HP: 104/104 MP: 28/34
 21098 | Lair:5   | Learned a level 7 spell: Spellforged Servitor
 21099 | Slime:1  | Entered Level 1 of the Pits of Slime
 21099 | Slime:1  | Noticed an acid blob
 21143 | Lair:6   | Entered Level 6 of the Lair of Beasts
 21227 | Lair:6   | Reached skill level 1 in Summonings
 21406 | Lair:6   | You pick up a book of Weapons and begin reading...
 21406 | Lair:6   | You add the spells Tukima's Dance, Portal Projectile and
                  | Blade Hands to your library.
 21549 | Lair:6   | Reached skill level 2 in Summonings
 21939 | Lair:6   | Reached skill level 3 in Summonings
 22512 | Lair:6   | Identified the +1 robe "Geluigai" {+Inv}
 22542 | Lair:6   | Reached skill level 15 in Conjurations
 22545 | Lair:6   | Reached skill level 12 in Spellcasting
 22599 | Lair:6   | Reached skill level 4 in Summonings
 22806 | Lair:6   | You add the spells Fireball and Fire Storm to your library.
 22806 | Lair:6   | Got the Volume of Fire
 22902 | Lair:6   | Reached skill level 5 in Summonings
 23097 | Lair:6   | You pick up a book of Cantrips and begin reading...
 23471 | Lair:6   | Found a one-way gate to the infinite horrors of the Abyss.
 23683 | D:11     | Reached skill level 6 in Summonings
 24790 | D:12     | Found a staircase to the Orcish Mines.
 24802 | D:12     | Found Ugeakh's Assorted Antiques.
 24810 | D:12     | Bought a bubbling cyan potion for 27 gold pieces
 24916 | D:12     | Found Tuas's Jewellery Emporium.
 25134 | D:12     | Found Jis Dudd's Weapon Shoppe.
 25140 | D:12     | Acquired 771 gold pieces
 25355 | Orc:1    | Entered Level 1 of the Orcish Mines
 25660 | Orc:1    | Noticed an orc warlord
 25665 | Orc:1    | Reached skill level 7 in Summonings
 25667 | Orc:1    | Killed an orc warlord
 26200 | Orc:1    | Reached XP level 15. HP: 110/110 MP: 36/36
 26577 | Orc:2    | Entered Level 2 of the Orcish Mines
 26594 | Orc:2    | Found Opeuwah's Antique Weapon Boutique.
 26612 | Orc:2    | Noticed Saint Roka
 26620 | Orc:2    | Killed Saint Roka
 26744 | Orc:2    | Noticed Azrael
 26872 | Orc:2    | Found Kugied's Armour Boutique.
 26872 | Orc:2    | Found Aguqouf's Magic Scroll Emporium.
 26874 | Orc:2    | Found Locsul's Antique Weapon Emporium.
 26874 | Orc:2    | Found Wuafiogh's Assorted Antiques.
 26878 | Orc:2    | Reached skill level 5 in Fire Magic
 26879 | Orc:2    | Reached skill level 8 in Summonings
 27144 | Orc:2    | Found Cofom's Jewellery Emporium.
 27179 | Orc:2    | Found Qecevvibb's Antique Weapon Shoppe.
 27450 | Orc:2    | Identified a +2 robe of the Archmagi
 27450 | Orc:2    | Noticed Jorgrun
 27456 | Orc:2    | Killed Jorgrun
 27513 | Orc:2    | Killed Azrael
 27514 | Orc:2    | Reached skill level 6 in Fire Magic
 27781 | Orc:2    | Found a staircase to the Elven Halls.
 27939 | Orc:2    | Bought a +2 buckler for 231 gold pieces
 27950 | Orc:2    | Bought a scroll of blinking for 292 gold pieces
 27950 | Orc:2    | Bought a scroll of acquirement for 2028 gold pieces
 27950 | Orc:2    | Acquired a staff of conjuration
 28512 | D:13     | Reached skill level 1 in Shields
 28551 | D:13     | Reached skill level 13 in Spellcasting
 28611 | D:13     | Found a gate to the Vaults.
 28789 | D:13     | Reached skill level 2 in Shields
 28789 | D:13     | Reached skill level 16 in Conjurations
 29441 | D:14     | Reached skill level 3 in Shields
 29469 | D:14     | Reached skill level 7 in Fire Magic
 30016 | D:14     | Reached skill level 4 in Shields
 30221 | D:15     | Entered Level 15 of the Dungeon
 30324 | D:15     | Reached XP level 16. HP: 116/116 MP: 26/38
 30560 | D:15     | Blown up by a spellforged servitor

Vanquished Creatures
  Jorgrun (Orc:2)
  An orc warlord (Orc:1)
  A very ugly thing (D:15)
  Snorg (Lair:5)
  An ettin (Orc:1)
  A boulder beetle (D:11)
  A fire dragon (D:14)
  A rakshasa (D:15)
  7 hydras
  3 ogre magi
  A centaur warrior (D:11)
  10 two-headed ogres
  2 orc high priests
  10 death yaks
  A hell knight (Volcano)
  3 thrashing horrors (Lair:6)
  A deep elf knight (D:11)
  10 skeletal warriors
  Amaemon (D:9)
  Pikel (D:8)
  A large abomination (Lair:6)
  2 deep trolls (Orc:2)
  2 bog bodies (Lair:3)
  A deep elf archer (D:13)
  An obsidian statue (Volcano)
  An orc knight (Orc:1)
  A lindwurm (Lair:5)
  2 deep elf pyromancers
  3 oklob plants (Lair:5)
  4 ugly things
  An orc sorcerer (Bailey)
  4 cyclopes
  10 black mambas
  14 elephants
  2 gargoyles
  5 manticores
  3 torpor snails
  An orange demon (D:9)
  14 cane toads
  2 smoke demons (Lair:6)
  5 rime drakes
  3 komodo dragons
  An ancient zyme (Lair:6)
  A tengu conjurer (D:13)
  2 polar bears
  6 trolls (Orc:2)
  A blink frog (shapeshifter) (Lair:6)
  Grinder (D:3)
  2 hornets (D:11)
  3 slime creatures (D:15)
  5 dream sheep (Lair:5)
  18 blink frogs
  A spriggan (Lair:6)
  2 ynoxinuls (Lair:6)
  10 wyverns
  2 wraiths (D:12)
  2 water elementals (D:15)
  91 yaks
  A fire elemental (Orc:1)
  A shadow (D:12)
  11 basilisks
  6 fire bats (Volcano)
  9 small abominations (Lair:6)
  2 vampire mosquitoes (D:11)
  2 chaos spawn (Lair:6)
  A human (D:13)
  A steam dragon (D:7)
  2 wargs (Orc:1)
  An acid dragon (D:10)
  A swamp worm (Lair:3)
  3 hell hounds (Orc:2)
  11 water moccasins
  29 orc warriors
  15 ice beasts
  2 black bears
  20 ogres
  2 centaurs
  12 wolves
  2 kobold brigands
  A phantom (D:6)
  4 lemures (D:8)
  Blork the orc (D:5)
  11 bullfrogs
  3 necrophages
  3 scorpions
  14 wights
  5 killer bees (D:10)
  14 howler monkeys
  17 electric eels
  7 lava snakes (Volcano)
  4 hounds
  A gnoll shaman (D:9)
  10 orc priests
  2 jellies (D:6)
  Jessica (D:2)
  Ijyb (D:3)
  2 hell rats (Lair:6)
  4 iguanas
  11 orc wizards
  Terence (D:3)
  Robin (D:1)
  20 gnolls
  8 adders
  5 river rats (Lair:6)
  A white imp (D:7)
  3 ufetubi
  3 worms
  2 dart slugs
  70 orcs
  A bat (D:1)
  3 endoplasms
  7 giant cockroaches
  13 goblins
  17 hobgoblins
  3 jackals
  13 kobolds
  A quokka (D:1)
  5 ball pythons
  3 frilled lizards
  13 rats
731 creatures vanquished.

Vanquished Creatures (collateral kills)
  Saint Roka (Orc:2)
  2 ghouls (D:14)
  Azrael (Orc:2)
  A hydra (D:13)
  4 vault guards (D:13)
  A boulder beetle (D:13)
  2 centaur warriors (D:13)
  A catoblepas (D:13)
  6 two-headed ogres
  8 skeletal warriors
  2 orc knights
  A harpy (shapeshifter) (D:14)
  A deep elf archer (D:13)
  A deep elf pyromancer (D:15)
  A wolf spider zombie (D:14)
  A manticore (D:13)
  2 cyclopes
  2 ugly things (D:15)
  3 centaur zombies (D:14)
  A kobold demonologist (D:13)
  A tengu conjurer (D:13)
  2 trolls (Orc:2)
  A nameless horror (D:13)
  A tarantella (shapeshifter) (D:13)
  11 slime creatures
  2 vampires
  2 water elementals (D:15)
  2 fire elementals (Orc:2)
  A basilisk (D:14)
  A warg (Orc:2)
  2 hell hounds (Orc:2)
  7 ogres
  13 orc warriors
  7 centaurs (D:13)
  A howler monkey (D:14)
  6 orc priests
  A boggart zombie (D:14)
  3 orc wizards
  5 mummies (D:14)
  17 orcs
128 creatures vanquished.

Vanquished Creatures (others)
  A vault guard (D:13)
  An orc sorcerer (Orc:1)
  A slime creature (D:15)
  A basilisk (D:13)
  An orc warrior (Orc:1)
  An ogre (Orc:1)
  185 fulminant prisms
  31 fungi
  24 plants
  A withered plant (D:14)
247 creatures vanquished.

Grand Total: 1106 creatures vanquished

Table legend:
 A = Non-vault XP
 B = Vault XP
 C = Vault XP percentage of total XP
 D = Non-vault monster count
 E = Vault monster count
 F = Vault count percentage of total count
                 A         B        C        D         E       F
            +---------+---------+-------+---------+---------+-------
      Total |  110108 |   80228 |  42.2 |     535 |     320 |  37.4
            +---------+---------+-------+---------+---------+-------
        D:1 |      31 |      19 |  38.0 |      16 |       3 |  15.8
        D:2 |      43 |      50 |  53.8 |      12 |       8 |  40.0
        D:3 |      66 |     345 |  83.9 |      11 |       3 |  21.4
        D:4 |     133 |      27 |  16.9 |      10 |       2 |  16.7
        D:5 |     563 |      96 |  14.6 |      20 |       1 |   4.8
        D:6 |    2052 |       9 |   0.4 |      21 |       2 |   8.7
        D:7 |     857 |       0 |   0.0 |      15 |       0 |   0.0
        D:8 |    1793 |     673 |  27.3 |      19 |       1 |   5.0
        D:9 |    2882 |    3697 |  56.2 |      28 |      18 |  39.1
       D:10 |    2801 |       0 |   0.0 |      35 |       0 |   0.0
       D:11 |    5300 |    2338 |  30.6 |      19 |       5 |  20.8
       D:12 |    5831 |       0 |   0.0 |      16 |       0 |   0.0
       D:13 |    9537 |    5593 |  37.0 |      23 |       9 |  28.1
       D:14 |    8348 |    8312 |  49.9 |      19 |      17 |  47.2
       D:15 |    6272 |    3850 |  38.0 |      12 |       8 |  40.0
     Lair:1 |    8170 |       0 |   0.0 |      42 |       0 |   0.0
     Lair:2 |    4754 |       0 |   0.0 |      13 |       0 |   0.0
     Lair:3 |    7402 |    1508 |  16.9 |      28 |       4 |  12.5
     Lair:4 |   12878 |     759 |   5.6 |      37 |       2 |   5.1
     Lair:5 |    9808 |    5086 |  34.1 |      35 |      12 |  25.5
     Lair:6 |   12987 |   13246 |  50.5 |      26 |      59 |  69.4
      Orc:1 |    5944 |    3758 |  38.7 |      53 |      35 |  39.8
      Orc:2 |    1656 |   21729 |  92.9 |      25 |      74 |  74.7
     Bailey |       0 |    2844 | 100.0 |       0 |      38 | 100.0
    Volcano |       0 |    6289 | 100.0 |       0 |      19 | 100.0
            +---------+---------+-------+---------+---------+-------

Illustrated notes

Table legend:
 A = Kills in this place as a percentage of kills in entire the game.
 B = Kills by you in this place as a percentage of kills by you in the entire game.
 C = Kills by friends in this place as a percentage of kills by friends in the entire game.
 D = Other kills in this place as a percentage of other kills in the entire game.
 E = Experience gained in this place as a percentage of experience gained in the entire game.
 F = Experience gained in this place divided by the number of levels of this place that you have seen.
                   A       B       C       D       E      F
               +-------+-------+-------+-------+-------+----------------------
         Total | 100.0 | 100.0 | 100.0 | 100.0 | 100.0 | 7320.6
       Dungeon |  41.3 |  39.3 |  52.8 |   0.0 |  37.6 | 4767.9
          Lair |  30.2 |  35.5 |   0.0 |   0.0 |  40.2 | 12766.3
  Orcish Mines |  21.9 |  17.3 |  47.2 | 100.0 |  17.4 | 16543.5
        Bailey |   4.4 |   5.2 |   0.0 |   0.0 |   1.5 | 2844.0
       Volcano |   2.2 |   2.6 |   0.0 |   0.0 |   3.3 | 6289.0
               +-------+-------+-------+-------+-------+----------------------

Table legend: (Time is in decaauts)
 A = Elapsed time spent in this place.
 B = Non-inter-level travel time spent in this place.
 C = Inter-level travel time spent in this place.
 D = Time resting spent in this place.
 E = Time spent auto-exploring this place.
 F = Levels seen in this place.
 G = Mean time per level.
                   A        B        C        D        E       F      G
               +--------+--------+--------+--------+--------+-----+--------+
         Total |  30707 |  28911 |   1796 |   6155 |  14513 |  26 | 1181.0 |
       Dungeon |  17380 |  16031 |   1349 |   2987 |   8738 |  15 | 1158.7 |
          Lair |   8330 |   8025 |    305 |   1613 |   4485 |   6 | 1388.3 |
    Slime Pits |      1 |      1 |      0 |      0 |      0 |   1 |    1.0 |
  Orcish Mines |   2782 |   2641 |    141 |    659 |   1038 |   2 | 1391.0 |
        Bailey |   1483 |   1483 |      0 |    562 |    234 |   1 | 1483.0 |
       Volcano |    728 |    728 |      0 |    334 |     17 |   1 |  728.0 |
               +--------+--------+--------+--------+--------+-----+--------+

Top non-repeatable levels by time:
  Lair:6: 2266 daAuts
     D:6: 1648 daAuts
     D:8: 1609 daAuts
     D:9: 1608 daAuts
  Lair:5: 1557 daAuts
   Orc:1: 1532 daAuts
     D:1: 1512 daAuts
  Bailey: 1483 daAuts
    D:10: 1424 daAuts
     D:3: 1412 daAuts
  Lair:3: 1315 daAuts
    D:11: 1280 daAuts
   Orc:2: 1250 daAuts
    D:13: 1168 daAuts
  Lair:4: 1129 daAuts
